 Dungeon Crawl Stone Soup version 0.26-a0-1145-gf5f8a83f67 (webtiles) character file.

Game seed: 3145562874288726355

784 Adamkad1 the Chiller (level 7, -13/51 HPs)
             Began as a Gnoll Ice Elementalist on Dec 22, 2020.
             Was an Initiate of Gozag.
             Mangled by a manticore (15 damage)
             ... on level 6 of the Dungeon.
             The game lasted 00:10:03 (6188 turns).

Adamkad1 the Chiller (Gnoll Ice Elementalist)       Turns: 6188, Time: 00:10:03

Health: -13/51     AC:  4    Str: 12    XL:     7   Next: 86%
Magic:  12/15      EV: 15    Int: 18    God:    Gozag
Gold:   205        SH:  0    Dex: 15    Spells: 2/17 levels left

rFire    . . .     SeeInvis .   v - +4 quarterstaff (chaos)
rCold    . . .     Faith    .   (shield currently unavailable)
rNeg     . . .     Spirit   .   a - +0 robe
rPois    .         Reflect  .   u - +0 helmet
rElec    .         Harm     .   w - +0 cloak
rCorr    .         Rampage  .   (no gloves)
Will     .....                  (no boots)
Stlth    +++.......             (no amulet)
HPRegen  0.17/turn              (no ring)
MPRegen  0.14/turn              (no ring)

@: no status effects
A: distributed training, fangs 1, strong nose
a: Renounce Religion, Potion Petition, Call Merchant, Bribe Branch


You were on level 6 of the Dungeon.
You worshipped Gozag.
Gozag was aware of your devotion.
You visited 2 branches of the dungeon, and saw 7 of its levels.

You collected 295 gold pieces.
You paid 90 gold pieces to Gozag.

Inventory:

Hand Weapons
 b - a +0 club
 k - a +0 whip of flaming
 m - a +4 trident
 v - a +4 quarterstaff of chaos (weapon)
Missiles
 o - 4 boomerangs
Armour
 a - a +0 robe (worn)
 p - a +4 chain mail
 u - a +0 helmet (worn)
 w - a +0 cloak (worn)
Jewellery
 l - an uncursed ring of willpower
Wands
 y - a wand of iceblast (17)
Scrolls
 c - 2 scrolls of teleportation
 f - 5 scrolls of identify
 g - 2 scrolls of noise {unknown}
 n - a scroll of amnesia {unknown}
 q - 2 scrolls of magic mapping {unknown}
 s - a scroll of blinking {unknown}
 A - a scroll of remove curse {unknown}
Potions
 d - a potion of cancellation {unknown}
 e - 2 potions of degeneration {unknown}
 h - a potion of might {unknown}
 i - 3 potions of curing {unknown}
 j - a potion of berserk rage {unknown}
 r - 2 potions of haste {unknown}
 t - a potion of flight {unknown}
 x - a potion of mutation {unknown}
 z - 2 potions of attraction {unknown}


   Skills:
 + Level 2.7 Fighting
 + Level 2.7 Short Blades
 + Level 2.7 Long Blades
 + Level 2.7 Axes
 + Level 2.7 Maces & Flails
 + Level 2.7 Polearms
 + Level 2.7 Staves
 + Level 2.7 Slings
 + Level 2.7 Bows
 + Level 2.7 Crossbows
 + Level 2.7 Throwing
 + Level 2.7 Armour
 + Level 5.4 Dodging
 + Level 5.0 Stealth
 + Level 2.7 Shields
 + Level 2.7 Unarmed Combat
 + Level 5.7 Spellcasting
 + Level 2.2 Conjurations
 + Level 2.2 Hexes
 + Level 2.2 Summonings
 + Level 2.2 Necromancy
 + Level 2.2 Translocations
 + Level 2.2 Transmutations
 + Level 2.2 Fire Magic
 + Level 7.5 Ice Magic
 + Level 2.2 Air Magic
 + Level 2.2 Earth Magic
 + Level 2.2 Poison Magic
 + Level 3.0 Invocations
 + Level 2.7 Evocations


You had 2 spell levels left.
You knew the following spells:

 Your Spells              Type           Power        Failure   Level
a - Freeze                Ice            100%         1%          1
b - Frozen Ramparts       Ice            64%          1%          3
c - Ozocubu's Armour      Ice            32%          1%          3
d - Hailstorm             Conj/Ice       22%          17%         4
e - Summon Ice Beast      Ice/Summ       22%          17%         4

Your spell library contained the following spells:

 Spells                   Type           Power        Failure   Level


Dungeon Overview and Level Annotations

Branches:
Dungeon (6/15)             Temple (1/1) D:5

Altars:
Ashenzari
Cheibriados
Dithmenos
Elyvilon
Fedhas
Gozag
Hepliaklqana
Makhleb
Nemelex Xobeh
Okawaru
Qazlal
Ru
Sif Muna
Trog
Vehumet
Wu Jian
Xom
Yredelemnul
Zin
The Shining One


Innate Abilities, Weirdness & Mutations

Your experience applies equally to all skills.
You have very sharp teeth.
Your uncanny sense of smell can sniff out nearby items.


Message History

Aiming: Freeze (safe; 1% risk of failure)
Press: ? - help, Shift-Dir - straight line, f/p - manticore
Aim: a manticore (moderately wounded)
You freeze the manticore!
The manticore is heavily wounded.
The manticore bites you!!
* * * LOW HITPOINT WARNING * * *
The manticore claws you.
* * * LOW HITPOINT WARNING * * *
The manticore claws you but does no damage.
Casting: Freeze (safe; 1% risk of failure)
Confirm with . or Enter, or press ? or * to list all spells.
Aiming: Freeze (safe; 1% risk of failure)
Press: ? - help, Shift-Dir - straight line, f/p - manticore
Aim: a manticore (heavily wounded)
You freeze the manticore.
The manticore is heavily wounded.
The manticore bites you!
You die...
Your body crumbles into a pile of gold.

#.#### #.#
#.# #.#
#.##### #
#.....#
###.#
##..#......
##.#########
#....@H...#
#########.#


You could see a manticore.

Vanquished Creatures
  An ice beast (D:5)
  An ogre (D:5)
  2 centaurs
  A bullfrog (D:5)
  Crazy Yiuf (D:4)
  3 orc wizards (D:4)
  An orc priest (D:3)
  A bullfrog skeleton (D:6)
  An iguana (D:4)
  A worker ant zombie (D:5)
  3 adders
  A white imp (D:5)
  2 oozes
  2 adder skeletons (D:5)
  2 worms (D:3)
  5 dart slugs
  9 leopard geckos
  11 orcs
  6 giant cockroaches
  8 goblins
  8 hobgoblins
  4 jackals
  7 kobolds
  9 bats
  7 frilled lizards
  8 rats
105 creatures vanquished.

Vanquished Creatures (others)
  A plant (D:4)
1 creature vanquished.

Grand Total: 106 creatures vanquished

Notes
Turn   | Place    | Note
-------+----------+-------------------------------------------
     0 | D:1      | Adamkad1 the Gnoll Ice Elementalist began the quest for the
                  | Orb.
     0 | D:1      | Reached XP level 1. HP: 13/13 MP: 6/6
    36 | D:1      | Reached XP level 2. HP: 10/19 MP: 0/7
   400 | D:1      | Reached skill level 5 in Spellcasting
   400 | D:1      | Reached XP level 3. HP: 4/25 MP: 1/9
   835 | D:1      | Reached skill level 1 in Invocations
   950 | D:1      | Learned a level 3 spell: Frozen Ramparts
   954 | D:1      | Learned a level 3 spell: Ozocubu's Armour
  1247 | D:2      | Reached skill level 1 in Fighting
  1247 | D:2      | Reached skill level 1 in Short Blades
  1247 | D:2      | Reached skill level 1 in Long Blades
  1247 | D:2      | Reached skill level 1 in Axes
  1247 | D:2      | Reached skill level 1 in Maces & Flails
  1247 | D:2      | Reached skill level 1 in Polearms
  1247 | D:2      | Reached skill level 1 in Staves
  1247 | D:2      | Reached skill level 1 in Slings
  1247 | D:2      | Reached skill level 1 in Bows
  1247 | D:2      | Reached skill level 1 in Crossbows
  1247 | D:2      | Reached skill level 1 in Throwing
  1247 | D:2      | Reached skill level 1 in Armour
  1247 | D:2      | Reached skill level 1 in Shields
  1247 | D:2      | Reached skill level 1 in Unarmed Combat
  1247 | D:2      | Reached skill level 1 in Evocations
  1357 | D:2      | Reached XP level 4. HP: 27/32 MP: 7/11
  1426 | D:2      | Found an ornate altar of the Wu Jian Council.
  2036 | D:3      | Found a burning altar of Makhleb.
  2039 | D:3      | Noticed a balrug
  2057 | D:3      | Reached skill level 1 in Conjurations
  2057 | D:3      | Reached skill level 1 in Hexes
  2057 | D:3      | Reached skill level 1 in Summonings
  2057 | D:3      | Reached skill level 1 in Necromancy
  2057 | D:3      | Reached skill level 1 in Translocations
  2057 | D:3      | Reached skill level 1 in Transmutations
  2057 | D:3      | Reached skill level 1 in Fire Magic
  2057 | D:3      | Reached skill level 1 in Air Magic
  2057 | D:3      | Reached skill level 1 in Earth Magic
  2057 | D:3      | Reached skill level 1 in Poison Magic
  2137 | D:3      | Found a glowing silver altar of Zin.
  2137 | D:3      | Noticed an angel
  2313 | D:3      | Reached XP level 5. HP: 4/37 MP: 5/12
  3083 | D:3      | Found a snail-covered altar of Cheibriados.
  3474 | D:4      | Reached XP level 6. HP: 19/44 MP: 6/13
  3852 | D:4      | Found a runed translucent door.
  3853 | D:4      | Noticed Crazy Yiuf
  4056 | D:4      | Killed Crazy Yiuf
  4057 | D:4      | Reached skill level 5 in Dodging
  4124 | D:5      | Entered Level 5 of the Dungeon
  4423 | D:5      | Reached XP level 7. HP: 26/51 MP: 15/15
  4731 | D:5      | Learned a level 4 spell: Hailstorm
  4736 | D:5      | Learned a level 4 spell: Summon Ice Beast
  5045 | D:5      | Found a staircase to the Ecumenical Temple.
  5073 | Temple   | Entered the Ecumenical Temple
  5184 | Temple   | Became a worshipper of Gozag Ym Sagoz the Greedy
  5610 | D:5      | Reached skill level 5 in Stealth
  6180 | D:6      | Noticed a manticore
  6187 | D:6      | HP: 2/51 [manticore (2)]
  6188 | D:6      | Mangled by a manticore

Illustrated notes

Levels and vault maps discovered:
D:1:      grunt_arrival_crossed_arrows, layout_rooms, chequers_decorated_corner,
          minmay_tetromino_i4
D:2:      layout_basic, old_standard_altar
D:3:      layout_basic, grunt_temple_overflow_order_and_chaos_2,
          cheibriados_altar_1
D:4:      layout_basic, minmay_lizard_king, uniq_crazy_yiuf_cottage
D:5:      layout_layer_cave, minmay_temple_entry_tees
D:6:      layout_loops_ring, serial_co_window_serial,
          co_window_of_opportunity_a, co_window_paths_a, co_window_corner_a,
          co_window_corner_a, co_window_of_opportunity_a, co_window_corner_a,
          co_window_paths_a, co_window_broadway_a, co_window_of_opportunity_b,
          co_window_corner_cb, co_window_cross_3, co_window_of_opportunity_b,
          co_window_cross_2, serial_shops, shop
Temple:   lightli_temple_of_artemis

Skill      XL: |  1  2  3  4  5  6  7 |
---------------+----------------------+-----
Spellcasting   | 5 |  5.7
Invocations    | 1 2 3 |  3.0
Fighting       | 1 2 |  2.7
Short Blades   | 1 2 |  2.7
Long Blades    | 1 2 |  2.7
Axes           | 1 2 |  2.7
Maces & Flails | 1 2 |  2.7
Polearms       | 1 2 |  2.7
Staves         | 1 2 |  2.7
Slings         | 1 2 |  2.7
Bows           | 1 2 |  2.7
Crossbows      | 1 2 |  2.7
Throwing       | 1 2 |  2.7
Armour         | 1 2 |  2.7
Shields        | 1 2 |  2.7
Unarmed Combat | 1 2 |  2.7
Evocations     | 1 2 |  2.7
Conjurations   | 1 2 |  2.2
Hexes          | 1 2 |  2.2
Summonings     | 1 2 |  2.2
Necromancy     | 1 2 |  2.2
Translocations | 1 2 |  2.2
Transmutations | 1 2 |  2.2
Fire Magic     | 1 2 |  2.2
Air Magic      | 1 2 |  2.2
Earth Magic    | 1 2 |  2.2
Poison Magic   | 1 2 |  2.2
Dodging        | 5 |  5.4
Stealth        | 5 |  5.0
Ice Magic      | |  7.5

Action                   |  1- 3 |  4- 6 |  7- 9 || total
-------------------------+-------+-------+-------++-------
Melee: Club              |    18 |       |       ||    18
       Unarmed           |     1 |       |       ||     1
       Whip              |     4 |     8 |       ||    12
       Trident           |       |    36 |       ||    36
       Bite              |       |     2 |     3 ||     5
       Quarterstaff      |       |    18 |    12 ||    30
       Punch             |       |     1 |       ||     1
 Cast: Freeze            |    53 |    74 |     9 ||   136
  Use: Scroll            |       |     3 |       ||     3
 Stab: Sleeping          |     4 |     9 |     4 ||    17
       Distracted        |     1 |       |       ||     1
Armor: Robe              |    15 |    14 |     3 ||    32
Dodge: Dodged            |    49 |    67 |    14 ||   130

Table legend: (Time is in decaauts)
 A = Elapsed time spent in this place.
 B = Non-inter-level travel time spent in this place.
 C = Inter-level travel time spent in this place.
 D = Time resting spent in this place.
 E = Time spent auto-exploring this place.
 F = Levels seen in this place.
 G = Mean time per level.
                   A        B        C        D        E       F      G
               +--------+--------+--------+--------+--------+-----+--------+
         Total |   6205 |   6109 |     96 |   1695 |   3434 |   7 |  886.4 |
       Dungeon |   6079 |   5996 |     83 |   1695 |   3358 |   6 | 1013.2 |
        Temple |    125 |    112 |     13 |      0 |     76 |   1 |  125.0 |
               +--------+--------+--------+--------+--------+-----+--------+

Top non-repeatable levels by time:
     D:5: 1754 daAuts
     D:3: 1725 daAuts
     D:2: 1022 daAuts
     D:1: 975 daAuts
     D:4: 411 daAuts
     D:6: 189 daAuts
  Temple: 125 daAuts
